 Dungeon Crawl Stone Soup version 0.32-a0-39-g5c88369fb2 (webtiles) character file.

Game seed: 17234878971075167957

266 Gargoyl the Chopper (level 6, -10/58 HPs)
             Began as a Gargoyle Berserker on Feb 5, 2024.
             Was a Believer of Trog.
             Mangled by Menkaure (19 damage)
             ... on level 4 of the Dungeon.
             The game lasted 00:03:10 (2400 turns).

Gargoyl the Chopper (Gargoyle Berserker)            Turns: 2400, Time: 00:03:11

Health: -10/58     AC: 13    Str: 20    XL:     6   Next: 20%
Magic:  6/6        EV:  8    Int:  8    God:    Trog [**....]
Gold:   139        SH:  0    Dex: 11    Spells: 5/5 levels left

rFire   . . .        a - +1 hand axe
rCold   . . .        (no shield)
rNeg    + . .        e - +0 chain mail
rPois   ∞            (no helmet)
rElec   +            (no cloak)
rCorr   .            (no gloves)
SInv    .            (no boots)
Will    .....        (no amulet) Stlth
                     (no ring)
HPRegen 0.29/turn    (no ring)
MPRegen 0.10/turn

%: no passive effects
@: berserking, very quick
A: sickness immunity, AC +4, negative energy resistance 1, electricity
resistance, torment resistance 1, petrification resistance
a: Renounce Religion, Berserk, Trog's Hand


You were on level 4 of the Dungeon.
You worshipped Trog.
Trog was pleased with you.
You visited 1 branch of the dungeon, and saw 4 of its levels.

You collected 139 gold pieces.

Inventory:

Hand Weapons
 a - a +1 hand axe (weapon)
 j - a +0 spear
Missiles
 d - a throwing net (quivered)
Armour
 e - a +0 chain mail (worn)
Scrolls
 h - a scroll of blinking
Potions
 b - 3 potions of curing {unknown}
 c - a potion of mutation {unknown}
 f - a potion of degeneration {unknown}
 g - 2 potions of magic {unknown}
 l - a potion of berserk rage {unknown}
 m - a potion of attraction {unknown}
 n - a potion of invisibility {unknown}


   Skills:
 + Level 4.4 Fighting
 + Level 4.6 Axes
 + Level 3.8 Armour
 + Level 2.0 Dodging
 + Level 0.2 Stealth


You had 5 spell levels left.
You didn't know any spells.
Your spell library was empty.

Dungeon Overview and Level Annotations

Branches:
Dungeon (4/15)
 Temple: D:4-7

Altars:
Hepliaklqana
Okawaru

Annotations:
D:4 Grinder, Menkaure


Innate Abilities, Weirdness & Mutations

You are immune to sickness and miasma.
Your stone body is resilient. (AC +4)
You are immune to poison.
You resist negative energy. (rN+)
You are resistant to electric shocks. (rElec)
You are resistant to unholy torment.
You are immune to petrification.


Message History

You barely miss the giant cockroach.
The giant cockroach is moderately wounded.
You hit Menkaure but do no damage.
You completely miss the giant cockroach.
The giant cockroach bites you but does no damage.
The giant cockroach barely misses you.
An orc comes into view.
It is wielding a +0 hand axe of draining.
The orc priest calls down the wrath of Beogh upon you.
Beogh smites you! The giant cockroach closely misses you.
The orc shouts!
A red film seems to cover your vision as you go berserk!
You feel yourself moving faster!
You feel mighty!
You hear a shout!
The giant cockroach bites you but does no damage.
Menkaure hits you!
* * * LOW HITPOINT WARNING * * *
An orc comes into view. It is wielding a +0 club.
The orc priest looks encouraged for a moment.
The giant cockroach barely misses you. x2
You barely miss Menkaure. You closely miss the giant cockroach.
You slash the giant cockroach!
You kill the giant cockroach!
Trog accepts your kill.
Menkaure points at you and mumbles some strange words.
You barely resist.
The giant cockroach bites you but does no damage.
You slash Menkaure!
Menkaure is heavily damaged.
You closely miss the giant cockroach. You slash the orc!
You kill the orc!
Trog accepts your kill.
Unknown command.
You completely miss Menkaure.
Menkaure is heavily damaged.
You hit the giant cockroach.
You kill the giant cockroach!
Trog accepts your kill.
Grinder comes into view.
Menkaure hits you!!
You die...

## #...## #. ##.
.....##..
..##.......#
..##......#
##.##.<#...#.
##§§##........
#§§§.#Mg.o....
##§§§..@).o.o.5 #.
#§§##.......... ..##
#§§##...##.o.##
...#.##§§##.......#
....[....##.......#
......#)..#........#
......#..##..##... .
............###...
..............##


You could see Grinder, Menkaure, an orc priest, an orc wizard, 2 orcs and a
hobgoblin.

Vanquished Creatures
  Sigmund (D:3)
  2 adders
  3 dart slugs
  A ribbon worm (D:2)
  3 orcs
  3 bats
  9 endoplasms
  5 giant cockroaches
  7 goblins
  6 hobgoblins
  4 jackals (D:1)
  3 quokkas
  14 ball pythons
  5 frilled lizards
  7 kobolds
  4 rats
77 creatures vanquished.

Notes
Turn   | Place    | Note
-------+----------+-------------------------------------------
     0 | D:1      | Gargoyl the Gargoyle Berserker began the quest for the Orb.
     0 | D:1      | Reached XP level 1. HP: 14/14 MP: 1/1
    63 | D:1      | Reached XP level 2. HP: 19/19 MP: 2/2
   421 | D:1      | Reached XP level 3. HP: 24/24 MP: 3/3
   620 | D:1      | Found a faded altar of an unknown god.
   736 | D:1      | Found a hazy altar of Hepliaklqana.
   845 | D:2      | Reached ** piety under Trog
  1338 | D:2      | Reached XP level 4. HP: 8/29 MP: 4/4
  1772 | D:3      | Noticed Sigmund
  1779 | D:3      | Killed Sigmund
  1780 | D:3      | Reached XP level 5. HP: 33/33 MP: 5/5
  1780 | D:3      | Reached XP level 6. HP: 38/38 MP: 6/6
  2196 | D:3      | Found an iron altar of Okawaru.
  2392 | D:4      | Noticed Menkaure
  2400 | D:4      | Noticed Grinder
  2400 | D:4      | Mangled by Menkaure

Illustrated notes

Levels and vault maps discovered:
D:1:      dpeg_arrival_water_altar, layout_rooms,
          hellmonk_ecumenical_altar_blasted
D:2:      layout_basic, minmay_pentomino_q2
D:3:      layout_loops_cross, kennysheep_okawaru_gauntlet,
          minmay_large_rounded_square, uniq_sigmund
D:4:      layout_cave_pools, uniq_menkaure, uniq_grinder

Skill      XL: |  1  2  3  4 |
---------------+-------------+-----
Axes           | 3 4 |  4.6
Fighting       | 4 |  4.4
Armour         | 3 |  3.8
Dodging        | 2 |  2.0
Stealth        | |  0.2

Action                     |  1- 3 |  4- 6 || total
---------------------------+-------+-------++-------
  Melee: Hand axe          |   112 |    92 ||   204
         Whip              |     7 |       ||     7
         Punch             |     3 |       ||     3
         Spear             |       |     5 ||     5
 Invoke: Berserk           |     1 |     4 ||     5
    Use: Scroll            |     2 |     3 ||     5
 Armour: Animal skin       |    21 |       ||    21
         Chain mail        |    85 |    91 ||   176
  Dodge: Dodged            |    77 |    47 ||   124

Table legend: (Time is in decaauts)
 A = Elapsed time spent in this place.
 B = Non-inter-level travel time spent in this place.
 C = Inter-level travel time spent in this place.
 D = Time resting spent in this place.
 E = Time spent auto-exploring this place.
 F = Levels seen in this place.
 G = Mean time per level.
                   A        B        C        D        E       F      G
               +--------+--------+--------+--------+--------+-----+--------+
         Total |   2459 |   2401 |     58 |     61 |   1694 |   4 |  614.8 |
       Dungeon |   2459 |   2401 |     58 |     61 |   1694 |   4 |  614.8 |
               +--------+--------+--------+--------+--------+-----+--------+

Top non-repeatable levels by time:
     D:2: 1045 daAuts
     D:1: 775 daAuts
     D:3: 613 daAuts
     D:4: 25 daAuts
